Map: Bel'Shir Vestige LE (Void)

Players

Maplez - Winner!

  • Race: Protoss Protoss
  • League: Master
  • Spawn Location: 11:00

Jhonny

  • Race: Terran Terran
  • League: Grandmaster
  • Spawn Location: 5:00

VOD

Have the link to the VOD?

Description

Time

  • Played on: March 7, 2017, 7:27 a.m.
  • Length: 16:02
Show
View Real Time Build Order
Export as new Build Order

Maplez Protoss - Winner!

Build Orders: 1 Gate Expand 

Get SALT Encoding   

  12  0:00  Probe (Chrono Boost)  
  13  0:11  Probe (Chrono Boost)  
  14  0:17  Pylon  
  14  0:22  Probe (Chrono Boost)  
  15  0:35  Gateway, Probe (Chrono Boost)  
  16  0:46  Probe (Chrono Boost)  
  16  0:47  Assimilator  
  17  0:56  Probe (Chrono Boost)  
  18  1:07  Probe (Chrono Boost)  
  19  1:17  Probe (Chrono Boost)  
  20  1:25  Nexus  
  20  1:28  Probe (Chrono Boost)  
  21  1:34  Cybernetics Core  
  21  1:39  Assimilator  
  21  1:45  Pylon  
  21  1:48  Probe (Chrono Boost)  
  22  2:00  Probe (Chrono Boost)  
  23  2:07  Pylon  
  23  2:12  Mothership Core (Chrono Boost)  
  23  2:14  Warp Gate  
  24  2:16  Adept  
  26  2:32  Probe (Chrono Boost)  
  27  2:37  Robotics Facility  
  27  2:40  Probe (Chrono Boost)  
  27  2:42  Probe (Chrono Boost)  
  27  2:43  Adept  
  31  2:50  Probe (Chrono Boost)  
  32  2:53  Probe (Chrono Boost)  
  33  3:01  Probe (Chrono Boost)  
  34  3:10  Adept  
  34  3:12  Probe (Chrono Boost)  
  37  3:16  Probe (Chrono Boost)  
  38  3:22  Observer  
  38  3:23  Probe (Chrono Boost)  
  40  3:30  Probe (Chrono Boost)  
  42  3:35  Probe (Chrono Boost)  
  42  3:36  Gateway x2  
  42  3:41  Warp Prism, Probe (Chrono Boost)  
  43  3:42  Pylon  
  43  3:48  Probe (Chrono Boost)  
  46  3:50  Pylon  
  46  4:00  Probe (Chrono Boost)  
  48  4:03  Probe (Chrono Boost)  
  48  4:08  Nexus  
  48  4:11  Probe (Chrono Boost)  
  48  4:14  Observer  
  50  4:20  Stalker  
  50  4:23  Probe (Chrono Boost)  
  53  4:26  Probe (Chrono Boost)  
  53  4:31  Assimilator  
  54  4:32  Twilight Council  
  54  4:33  Assimilator  
  54  4:36  Adept  
  57  4:39  Immortal  
  57  4:41  Adept  
  62  4:49  Pylon  
  62  5:06  Resonating Glaives  
  64  5:07  Probe (Chrono Boost)  
  64  5:08  Probe (Chrono Boost)  
  64  5:09  Adept x3  
  64  5:10  Pylon  
  70  5:19  Pylon  
  71  5:22  Probe (Chrono Boost)  
  71  5:24  Pylon  
  71  5:26  Pylon  
  63  5:39  Probe (Chrono Boost)  
  55  5:43  Probe (Chrono Boost)  
  55  5:48  Adept x3  
  55  5:52  Gateway, Probe (Chrono Boost)  
  55  5:55  Gateway  
  55  5:56  Immortal  
  56  6:02  Probe (Chrono Boost)  
  61  6:04  Pylon  
  61  6:15  Stalker x2  
  64  6:27  Probe (Chrono Boost)  
  64  6:31  Blink  
  64  6:34  Warp Prism  
  64  6:36  Probe (Chrono Boost)  
  64  6:37  Probe (Chrono Boost)  
  68  6:45  Pylon  
  68  6:47  Stalker x2  
  70  6:59  Pylon  
  70  7:00  Probe x3 (Chrono Boost)  
  73  7:11  Probe (Chrono Boost)  
  73  7:12  Adept x4, Probe x2 (Chrono Boost)  
  84  7:21  Probe (Chrono Boost)  
  85  7:23  Immortal  
  85  7:25  Pylon  
  85  7:26  Probe (Chrono Boost)  
  90  7:33  Sentry x2  
  90  7:34  Adept x2  
  98  7:41  Pylon  
  98  7:43  Adept  
  98  8:01  Adept x2  
  98  8:02  Adept x2  
  105  8:07  Robotics Bay  
  105  8:09  Pylon  
  105  8:11  Adept  
  107  8:13  Forge  
  107  8:15  Probe x2 (Chrono Boost)  
  107  8:16  Probe (Chrono Boost)  
  110  8:24  Stalker x3  
  110  8:25  Stalker, Probe (Chrono Boost)  
  118  8:27  Probe (Chrono Boost)  
  118  8:29  Probe (Chrono Boost)  
  119  8:36  Probe (Chrono Boost)  
  119  8:40  Adept  
  122  8:44  Extended Thermal Lance  
  122  8:45  Protoss Ground Weapons Level 1  
  124  8:48  Colossus  
  124  8:49  Photon Cannon, Probe (Chrono Boost)  
  124  8:50  Probe (Chrono Boost)  
  118  8:57  Probe (Chrono Boost)  
  118  9:01  Assimilator, Probe (Chrono Boost)  
  118  9:02  Probe (Chrono Boost)  
  126  9:03  Assimilator  
  117  9:12  Pylon  
  111  9:26  Probe (Chrono Boost)  
  111  9:27  Photon Cannon  
  111  9:29  Probe (Chrono Boost)  
  111  9:30  Forge  
  113  9:32  Pylon  
  113  9:35  Stalker x5  
  113  9:37  Probe (Chrono Boost)  
  125  9:39  Probe (Chrono Boost)  
  125  9:44  Observer  
  122  9:48  Photon Cannon  
  123  10:05  Pylon  
  123  10:07  Colossus  
  123  10:10  Adept x5  
  123  10:13  Protoss Ground Armor Level 1  
  133  10:21  Pylon  
  137  10:31  Stalker x3  
  137  10:32  Stalker x2  
  139  10:56  Warp Prism  
  133  10:59  Stalker x2  
  133  11:00  Stalker x3  
  141  11:14  Robotics Facility  
  141  11:17  Nexus  
  141  11:18  Gateway  
  139  11:19  Gateway  
  139  11:20  Pylon  
  133  11:26  Pylon, Stalker  
  133  11:27  Stalker x4  
  133  11:30  Observer  
  121  11:44  Pylon  
  121  11:48  Observer  
  122  11:57  Probe (Chrono Boost)  
  122  11:58  Stalker x3  
  122  11:59  Stalker  
  122  12:00  Sentry  
  133  12:05  Templar Archives  
  133  12:07  Observer  
  131  12:12  Nexus  
  118  12:25  Warp Prism  
  118  12:26  Stalker x5  
  130  12:41  Protoss Ground Armor Level 2  
  130  12:42  Protoss Ground Weapons Level 2  
  130  12:54  High Templar x4  
  130  12:58  Archon x2  
  137  13:15  Stalker x2  
  130  13:24  Psionic Storm  
  130  13:26  Assimilator, Probe (Chrono Boost)  
  127  13:28  Assimilator  
  127  13:30  Probe (Chrono Boost)  
  127  13:32  Probe (Chrono Boost)  
  127  13:33  Gateway  
  129  13:35  Gateway  
  129  13:39  Photon Cannon  
  129  13:40  Photon Cannon  
  129  13:41  Photon Cannon  
  129  13:42  High Templar x2  
  129  13:47  Archon  
  129  13:48  Adept x2  
  135  13:50  Pylon  
  135  13:52  Adept x2  
  141  13:56  Adept  
  143  14:07  Pylon  
  137  14:18  High Templar x5  
  137  14:21  Pylon  
  147  14:25  Stalker x2  
  144  14:40  Adept x2  
  144  14:41  Warp Prism  
  150  14:54  Adept  
  150  14:55  Adept x6  
  164  15:09  Pylon  
  164  15:10  Assimilator  
  164  15:11  Pylon  
  150  15:33  Adept  
  150  15:34  Adept x8  
  164  15:50  Archon x2  
  164  15:55  Adept x9  
Show
View Real Time Build Order
Export as new Build Order

Jhonny Terran 

Build Orders: Reaper Expand, MMM Bio 

Get SALT Encoding   

  12  0:00  SCV  
  13  0:13  SCV  
  14  0:16  Supply Depot  
  14  0:25  SCV  
  14  0:27  Refinery  
  15  0:38  SCV  
  16  0:43  Barracks  
  16  0:50  SCV  
  17  1:02  SCV  
  18  1:14  SCV  
  19  1:30  Orbital Command, Reaper  
  20  1:48  Command Center  
  20  1:55  SCV, Factory  
  21  2:05  Refinery  
  21  2:06  Barracks Reactor  
  21  2:08  SCV  
  21  2:19  Supply Depot  
  21  2:20  SCV  
  22  2:32  SCV  
  23  2:39  Starport  
  23  2:42  Marine x2  
  23  2:43  Factory Tech Lab  
  26  2:44  SCV  
  26  2:55  Barracks  
  26  2:56  SCV  
  27  3:00  Marine x2  
  29  3:13  SCV  
  33  3:20  Orbital Command, Siege Tank  
  33  3:23  Marine  
  33  3:24  Marine  
  35  3:30  SCV  
  35  3:32  Medivac  
  37  3:41  Supply Depot  
  37  3:42  SCV  
  37  3:43  Barracks Tech Lab  
  37  3:47  SCV  
  39  3:50  Marine x2  
  41  3:57  Siege Tank  
  41  3:59  SCV  
  45  4:04  Supply Depot  
  45  4:05  SCV  
  45  4:08  Marine  
  47  4:11  Marine x2  
  47  4:14  Stimpack  
  50  4:17  SCV  
  50  4:22  Engineering Bay  
  50  4:23  Engineering Bay  
  50  4:25  SCV  
  50  4:28  Engineering Bay  
  51  4:37  Marine x3  
  54  4:39  SCV  
  54  4:40  Factory Reactor  
  54  4:41  SCV  
  56  4:48  Supply Depot  
  56  4:55  Marine x2  
  55  5:06  Marine  
  56  5:17  Marine x2  
  58  5:30  Marine  
  58  5:32  SCV x2  
  58  5:33  Widow Mine x2  
  64  5:42  Marine x2  
  57  5:49  Marine  
  60  5:50  SCV x2  
  60  5:55  Command Center  
  62  6:01  Refinery x2  
  62  6:02  SCV  
  63  6:08  Supply Depot  
  60  6:12  Barracks x2  
  60  6:15  Marine x2  
  60  6:16  Marauder  
  60  6:17  Widow Mine  
  66  6:32  Starport Reactor  
  66  6:38  Marine x2  
  66  6:39  Marauder  
  70  6:40  SCV x2  
  70  6:45  Terran Infantry Weapons Level 1, Terran Infantry Armor Level 1  
  72  6:52  SCV x2  
  74  6:59  Barracks Tech Lab, Barracks Reactor  
  74  7:02  Marine x2  
  74  7:03  Marauder, Widow Mine x2  
  74  7:05  SCV  
  74  7:07  SCV  
  84  7:10  Factory  
  84  7:12  Armory  
  84  7:16  Orbital Command  
  84  7:20  Concussive Shells  
  84  7:21  Combat Shields  
  84  7:25  Marine  
  84  7:26  Marine  
  84  7:27  Marauder  
  88  7:32  Supply Depot  
  88  7:33  SCV  
  88  7:36  Marine x2  
  88  7:37  Marauder  
  93  7:43  Marine  
  94  7:48  Marauder  
  93  7:58  Marine x3, Marauder  
  92  7:59  Medivac  
  92  8:03  Marine  
  92  8:04  Medivac  
  93  8:16  Marine x2, Liberator  
  91  8:21  Marine  
  91  8:24  SCV  
  91  8:25  Widow Mine x2  
  91  8:26  Marine  
  91  8:27  Marine x2  
  93  8:29  Medivac  
  94  8:38  SCV x2  
  92  8:44  Missile Turret  
  92  8:45  Marauder  
  93  8:49  Marine x4  
  95  9:03  Liberator  
  89  9:11  Marine x4, Marauder x2  
  88  9:19  Orbital Command  
  86  9:30  SCV x2  
  88  9:32  Marine x2  
  88  9:33  Marine x2  
  88  9:34  Viking  
  94  9:42  Marine  
  94  9:43  Marauder  
  95  9:53  SCV x2  
  95  9:54  SCV  
  95  9:58  Marine x2  
  98  10:03  Barracks, Viking  
  98  10:05  SCV  
  101  10:09  Viking  
  101  10:11  SCV x2  
  105  10:16  Marauder  
  105  10:18  Supply Depot  
  107  10:28  Marine x2  
  109  10:39  Marine  
  109  10:41  Marine x3  
  98  11:00  Marine x4, Marauder  
  98  11:01  Marauder x2, Medivac  
  98  11:02  Medivac  
  112  11:04  Terran Infantry Weapons Level 2  
  112  11:16  SCV x2, Liberator  
  112  11:17  Marine  
  112  11:18  Marine, Supply Depot  
  116  11:19  Supply Depot  
  116  11:20  Supply Depot  
  116  11:24  Marauder  
  117  11:25  Marauder  
  117  11:30  Marine  
  117  11:31  Marine  
  98  11:42  Marine  
  98  11:43  Marine x2  
  98  11:46  Viking  
  99  12:06  Marine x2  
  99  12:07  Marine x3, Marauder  
  99  12:08  Marauder  
  104  12:16  Viking  
  86  12:24  Marine x3  
  86  12:25  Marine x2, SCV  
  86  12:27  Starport  
  86  12:28  Marine, Command Center  
  92  12:33  Terran Infantry Armor Level 2  
  92  12:47  Marine x5  
  97  12:55  SCV x2  
  97  12:57  Refinery x2  
  97  12:58  Viking x2  
  103  13:01  Marauder  
  105  13:06  Starport Reactor  
  95  13:20  Marine x3  
  95  13:21  Marine, Marauder x2  
  93  13:28  Viking  
  93  13:31  Viking  
  97  13:34  Marine  
  97  13:38  Marine  
  99  13:41  Marine  
  99  13:42  Marine x3  
  103  13:49  Marine  
  104  13:56  Viking x2  
  106  14:06  SCV x2  
  103  14:11  Marine x4  
  97  14:25  SCV x2  
  97  14:30  Marine x2  
  97  14:31  Marine, Marauder  
  98  14:36  SCV  
  91  14:47  Marine x2  
  91  14:50  Medivac  
  95  14:54  SCV x2  
  95  14:58  SCV  
  98  15:04  Marine x2  
  98  15:05  Marine x2  
  102  15:08  Marine  
  102  15:11  Marine  
  104  15:20  Marine  
  76  15:22  Marine  
  54  15:29  Marine x4  
  54  15:30  Marauder  
  58  15:41  Marine  
  58  15:42  Marine  
Tags
 
Add a new tag
Caveats
  • Supply blocks, unpowered buildings, or Contaminate may cause inaccurate times.
  • Supply counts are checked every 10 seconds.